 Dungeon Sprint DCSS version 0.30.1-11-g7821555f0a (webtiles) character file.

Game seed: 15327067219826801124

21 Heoruswealwe the Trooper (level 2, -3/28 HPs)
             Began as a Hill Orc Fighter on Dec 8, 2023.
             Slain by a wolf (8 damage)
             ... in the Dungeon (Sprint III: "The Ten Rune Challenge").
             The game lasted 00:01:14 (77 turns).

Heoruswealwe the Trooper (Hill Orc Fighter)           Turns: 77, Time: 00:01:15

Health: -3/28      AC:  7    Str: 18    XL:     2   Next: 87%
Magic:  2/2        EV:  9    Int:  8    God:
Gold:   0          SH:  4    Dex: 10    Spells: 1/1 levels left

rFire   . . .        a - +0 war axe
rCold   . . .        c - +0 buckler
rNeg    . . .        b - +0 scale mail
rPois   .            (no helmet)
rElec   .            (no cloak)
rCorr   .            (no gloves)
SInv    .            (no boots)
Will    .....        (no amulet) Stlth
                     (no ring)
HPRegen 0.24/turn    (no ring)
MPRegen 0.08/turn

%: no teleportation
@: on berserk cooldown, slowed, very slow
A: no striking features
a: no special abilities


You were in the Dungeon.
You visited 1 branch

Inventory:

Hand Weapons
 a - a +0 war axe (weapon)
Armour
 b - a +0 scale mail (worn)
 c - a +0 buckler (worn)
Scrolls
 j - a scroll of blinking
Potions
 d - a potion of might
 g - a potion of haste
 h - 2 potions of magic


   Skills:
 + Level 4.8 Fighting
 + Level 4.4 Axes
 + Level 4.4 Armour
 + Level 4.4 Shields


You had one spell level left.
You didn't know any spells.
Your spell library contained the following spells:

 Spells                   Type           Power      Damage    Failure   Level
 Foxfire                  Conj/Fire      0%         2x1d4     86%         1
 Fireball                 Conj/Fire      0%         3d3       100%        5
 Plasma Beam              Fire/Air       0%         2x1d11    100%        6
 Starburst                Conj/Fire      0%         6d3       100%        6


Dungeon Overview and Level Annotations

Branches:
Dungeon (1/1)

Altars:


Message History

You feel yourself moving faster!
You feel mighty! The human hits you but does no damage.
You barely miss the human.
The human is heavily wounded.
The human hits you.
You slash the human!
The human is severely wounded.
You block the human's attack.
You slash the human!
You kill the human!
Your Axes skill increases to level 4!
Your Armour skill increases to level 4!
Your Shields skill increases to level 4!
You have reached level 2!
A wolf comes into view.
The wolf howls!
You feel a strong urge to attack something.
You barely miss the wolf. You block the wolf's attack.
The wolf bites you but does no damage.
You hit the wolf.
The wolf is moderately wounded.
You are no longer berserk.
You are exhausted.
You feel yourself slow down. The wolf bites you.
* * * LOW HITPOINT WARNING * * *
You closely miss the wolf.
The wolf is moderately wounded.
You block the wolf's attack. x2; The wolf bites you.
* * * LOW HITPOINT WARNING * * *
You feel better. The wolf barely misses you. The wolf closely misses you.
The wolf misses you.
You barely miss the wolf.
The wolf is moderately wounded.
The wolf bites you.
* * * LOW HITPOINT WARNING * * *
The wolf closely misses you. The wolf bites you but does no damage.
You closely miss the wolf.
The wolf is moderately wounded.
The wolf bites you but does no damage. You block the wolf's attack. x2
The wolf bites you!
You die...

▓...#......##
▓..##.......# .#
▓##.##.##...# .#
##.##.###..# ..#
▓#.####.##†.# ...+
▓.###..##..##
#...# ▓#.....##..#
#....#
###..##...##.....#
##..##....#@h....#
#..###..##.#.....#
#).# #..#####....#
▓▓▓▓ ▓▓▓▓ ▓▓▓▓▓


You could see a wolf.

Vanquished Creatures
  A human (D)
  An endoplasm (D)
  3 rats (D)
5 creatures vanquished.

Notes
Turn   | Place    | Note
-------+----------+-------------------------------------------
     0 | D        | Heoruswealwe the Hill Orc Fighter began the quest for the
                  | Orb.
     0 | D        | Reached XP level 1. HP: 19/19 MP: 1/1
    70 | D        | Reached XP level 2. HP: 20/28 MP: 2/2
    77 | D        | Slain by a wolf

Illustrated notes

Levels and vault maps discovered:
D:        dungeon_sprint_mu [sprint_mu_entry_cave, sprint_mu_temple_rooms,
          sprint_mu_d1_spiders, sprint_mu_d2_genie, sprint_mu_d3_branching,
          sprint_mu_orc_legion, sprint_mu_elf_gauntlet, sprint_mu_hive_nellie,
          sprint_mu_lair_fedhas, sprint_mu_vaults_butterflies,
          sprint_mu_slime_circle, sprint_mu_swamp_cave, sprint_mu_snake_twists,
          sprint_mu_blade_basic, sprint_mu_crypt_chambers,
          sprint_mu_tomb_spiral, sprint_mu_vestibule_basic,
          sprint_mu_gehenna_hellfire, sprint_mu_dis_giant,
          sprint_mu_tartarus_statrot, sprint_mu_cocytus_islands, sprint_mu_zot1]

Skill      XL: |  1 |
---------------+----+-----
Axes           | 4 |  4.4
Fighting       | 4 |  4.8
Armour         | 4 |  4.4
Shields        | 4 |  4.4

Action                     || total
---------------------------++-------
  Melee: War axe           ||    26
    Use: Potion            ||     3
 Armour: Scale mail        ||     9
  Dodge: Dodged            ||    11
  Block: Buckler           ||     7
